 Dungeon Crawl Stone Soup version 0.29.1-15-g9cfb28693d (webtiles) character file.

Game seed: 17999299662872316771

119 dobroeutro the Cudgeller (level 5, 0/32 HPs)
             Began as a Gargoyle Fighter on Apr 22, 2023.
             Slain by an orc priest
             ... wielding a +0 flail
              (6 damage)
             ... on level 2 of the Dungeon.
             The game lasted 00:02:19 (2616 turns).

dobroeutro the Cudgeller (Gargoyle Fighter)         Turns: 2616, Time: 00:02:20

Health: 0/32       AC: 10    Str: 22    XL:     5   Next: 3%
Magic:  5/5        EV:  9    Int:  8    God:
Gold:   134        SH:  4    Dex:  9    Spells: 4/4 levels left

rFire   . . .      SeeInvis .   a - +0 flail
rCold   . . .      Faith    .   c - +0 buckler
rNeg    + . .      Spirit   .   b - +0 scale mail
rPois   ∞          Reflect  .   (no helmet)
rElec   +          Harm     .   (no cloak)
rCorr   .          Rampage  .   (no gloves)
Will    .....                   (no boots)
Stlth   ..........              (no amulet)
HPRegen 0.10/turn               (no ring)
MPRegen 0.09/turn               (no ring)

@: flying
A: sickness immunity, AC +4, negative energy resistance 1, electricity
resistance, torment resistance 1, petrification resistance
a: no special abilities


You were on level 2 of the Dungeon.
You visited 1 branch of the dungeon, and saw 3 of its levels.

You collected 134 gold pieces.

Inventory:

Hand Weapons
 a - a +0 flail (weapon)
Armour
 b - a +0 scale mail (worn)
 c - a +0 buckler (worn)
Scrolls
 e - 4 scrolls of identify {unknown}
 f - a scroll of silence {unknown}
 i - a scroll of teleportation {unknown}
 l - a scroll of noise {unknown}
 m - a scroll of vulnerability {unknown}
Potions
 d - a potion of might
 h - a potion of mutation {unknown}
 j - a potion of flight
 k - a potion of lignification {unknown}
 n - a potion of attraction {unknown}


   Skills:
 - Level 3.2 Fighting
 + Level 5.0 Maces & Flails
 - Level 3.2 Armour
 - Level 3.2 Shields


You had 4 spell levels left.
You didn't know any spells.
Your spell library was empty.

Dungeon Overview and Level Annotations

Branches:
Dungeon (3/15)

Altars:

Annotations:
D:3 Ijyb, Robin


Innate Abilities, Weirdness & Mutations

You are immune to sickness and miasma.
Your stone body is resilient. (AC +4)
You are immune to poison.
You resist negative energy. (rN+)
You are resistant to electric shocks. (rElec)
You are resistant to unholy torment.
You are immune to petrification.


Message History

You climb upwards.
There is a stone staircase leading down here.
You closely miss the orc priest. The orc closely misses you.
The orc priest invokes the aid of Beogh against you.
Beogh smites you!
You sock the orc priest!
The orc priest is heavily wounded.
The orc closely misses you. You block the orc priest's attack.
You hit the orc priest.
The orc priest is severely wounded.
The orc hits you but does no damage. The orc priest misses you.
You barely miss the orc priest.
The orc priest is severely wounded.
The orc hits you with a +0 short sword.
The orc priest hits you with a +0 flail!
* * * LOW HITPOINT WARNING * * *
You are too injured to fight recklessly!
You are too injured to fight recklessly!
You closely miss the orc priest.
The orc priest is severely wounded.
The orc hits you with a +0 short sword.
* * * LOW HITPOINT WARNING * * *
The orc priest hits you but does no damage.
It was a potion of flight.
You feel very buoyant.
You fly up into the air.
The orc barely misses you.
The orc priest hits you but does no damage.
It was a potion of curing.
You feel better. The orc hits you but does no damage.
The orc priest closely misses you.
You barely miss the orc priest.
The orc priest is severely wounded.
The orc hits you but does no damage.
The orc priest calls down the wrath of Beogh upon you.
Beogh smites you!
* * * LOW HITPOINT WARNING * * *
You block the orc's attack.
The orc priest hits you but does no damage.
You feel better. You block the orc's attack.
The orc priest hits you with a +0 flail.
You die...

#######.##### #.#
#.......#...######.#
#.#######...##.....##
##...........##.######
#...............# #.
#####.#..........#### ##
#................##
#.......o.o.......##
#..#.#.#.@......#..#
#...............##.#####
#..#.#.#........##.....#
#........######.#......#
##.#.#.#.# #.#......#
#.......# #.#......#
######### #.#......#
#.#......# #.######.#


You could see an orc priest and an orc.

Vanquished Creatures
  A necrophage (D:2)
  An adder (D:3)
  A dart slug (D:2)
  3 ball pythons
  An endoplasm (D:2)
  A giant cockroach (D:1)
  4 goblins
  6 hobgoblins
  7 jackals (D:1)
  4 kobolds
  A quokka (D:2)
  7 bats
  3 frilled lizards
  5 rats
45 creatures vanquished.

Notes
Turn   | Place    | Note
-------+----------+-------------------------------------------
     0 | D:1      | dobroeutro the Gargoyle Fighter began the quest for the
                  | Orb.
     0 | D:1      | Reached XP level 1. HP: 14/14 MP: 1/1
    58 | D:1      | Reached XP level 2. HP: 6/19 MP: 2/2
   370 | D:1      | You fall into a shaft and drop 1 floor!
   396 | D:2      | Reached skill level 3 in Maces & Flails
   872 | D:1      | Reached XP level 3. HP: 19/23 MP: 3/3
  1293 | D:1      | Found a faded altar of an unknown god.
  2320 | D:3      | Noticed Robin
  2330 | D:3      | Noticed Ijyb
  2359 | D:2      | Reached skill level 4 in Maces & Flails
  2589 | D:3      | Noticed a necrophage
  2596 | D:3      | Reached XP level 4. HP: 28/28 MP: 4/4
  2599 | D:2      | Killed a necrophage
  2600 | D:2      | Reached skill level 5 in Maces & Flails
  2600 | D:2      | Reached XP level 5. HP: 32/32 MP: 5/5
  2615 | D:2      | HP: 1/32 [orc priest/divine providence (9)]
  2616 | D:2      | Slain by an orc priest

Illustrated notes

Levels and vault maps discovered:
D:1:      erik_arrival_blinker_ship, layout_loops_ring,
          nicolae_ecumenical_lake_church
D:2:      layout_rooms, serial_co_window_serial, co_window_corner_a,
          co_window_of_opportunity_a, co_window_paths_b, co_window_corner_a,
          co_window_paths_a, co_window_cross_3, co_window_broadway_c,
          co_window_corner_b, co_window_corner_cb, co_window_sun,
          co_window_paths_d, glass_columns_b, amcnicky_mini_pool_small
D:3:      layout_rooms, marbit_many_paths, grunt_temple_overflow_opulence,
          mainiacjoe_overflow_boulevard, minmay_misc_feat_ornament,
          grunt_decor_one_mirror, uniq_ijyb, uniq_grinder,
          uniq_crazy_yiuf_cottage, uniq_jessica, uniq_robin

Skill      XL: |  1  2  3  4 |
---------------+-------------+-----
Maces & Flails | 3 4 5 |  5.0
Fighting       | |  3.2
Armour         | |  3.2
Shields        | |  3.2

Action                   |  1- 3 |  4- 6 || total
-------------------------+-------+-------++-------
Melee: Flail             |   155 |     8 ||   163
  Use: Potion            |       |     3 ||     3
Armor: Scale mail        |    92 |     9 ||   101
Dodge: Dodged            |    88 |     7 ||    95
Block: Buckler           |    37 |     3 ||    40
